 Dungeon Crawl Stone Soup version 0.21.1-1-g345015f (webtiles) character file.

350 nightchill the Chopper (level 6, 0/51 HPs)
             Began as a Formicid Fighter on Apr 2, 2018.
             Slain by PipsiMox's ghost (8 damage)
             ... on level 4 of the Dungeon.
             The game lasted 00:05:28 (2850 turns).

nightchill the Chopper (Formicid Fighter)           Turns: 2850, Time: 00:05:29

Health: 0/51       AC:  6    Str: 27    XL:     6   Next: 92%
Magic:  6/6        EV:  8    Int:  8    God:
Gold:   112        SH: 10    Dex: 10    Spells: 5/5 levels left

rFire    . . .     SeeInvis +   a - +0 war axe
rCold    . . .     Gourm    .   c - +0 shield
rNeg     . . .     Faith    .   b - +0 scale mail
rPois    .         Spirit   .   (helmet unavailable)
rElec    .         Reflect  .   (no cloak)
rCorr    .         Harm     .   (no gloves)
MR       .....                  (no boots)
Stlth    ..........             (no amulet)
HPRegen  0.17/turn              (no ring)
MPRegen  0.10/turn              (no ring)

@: mighty
A: permanent stasis, dig shafts and tunnels, four strong arms, antennae 3
a: Dig, Shaft Self


You were on level 4 of the Dungeon.
You were very hungry.

You visited 1 branch of the dungeon, and saw 4 of its levels.

You collected 112 gold pieces.

Inventory:

Hand Weapons
 a - a +0 war axe (weapon)
Missiles
 e - 139 stones (quivered)
 n - 4 tomahawks
Armour
 b - a +0 scale mail (worn)
 c - a +0 shield (worn)
 m - a +0 chain mail of magic resistance
Jewellery
 j - a +2 ring of protection {unknown}
Scrolls
 g - 2 scrolls of remove curse {unknown}
 h - 4 scrolls of teleportation {unknown}
 k - 2 scrolls of enchant armour {unknown}
 l - 3 scrolls of identify {unknown}
 p - a scroll of noise {unknown}
Books
 o - a book of Maledictions

   Spells                             Type                      Level
   a - Corona                         Hexes                        1
   b - Ensorcelled Hibernation        Hexes/Ice                    2
   c - Confuse                        Hexes                        3
   d - Tukima's Dance                 Hexes                        3
   e - Dazzling Spray                 Conjuration/Hexes            3
Comestibles
 f - 7 rations


   Skills:
 + Level 5.2 Fighting
 * Level 5.7 Axes
 - Level 3.2 Armour
 - Level 3.6 Shields


You had 5 spell levels left.
You didn't know any spells.

Dungeon Overview and Level Annotations

Branches:
Dungeon (4/15)
 Temple: D:4-7

Altars:

Annotations:
D:3 exclusion: downstairs
D:4 Dowan; Duvessa; Ijyb; PipsiMox's ghost, novice DDFi


Innate Abilities, Weirdness & Mutations

You cannot be hasted, slowed, berserked, paralysed or teleported.
You can dig through walls and to a lower floor.
Your four strong arms can wield two-handed weapons with a shield.
You have a pair of large antennae on your head. (SInv)


Message History

PipsiMox's ghost is moderately damaged.
PipsiMox's ghost closely misses you.
You hit PipsiMox's ghost.
PipsiMox's ghost is heavily damaged.
PipsiMox's ghost hits you!
* * * LOW HITPOINT WARNING * * *
You hit PipsiMox's ghost but do no damage.
PipsiMox's ghost is heavily damaged.
PipsiMox's ghost barely misses you. PipsiMox's ghost hits you.
* * * LOW HITPOINT WARNING * * *
You closely miss PipsiMox's ghost.
PipsiMox's ghost is heavily damaged.
PipsiMox's ghost closely misses you.
It was a potion of haste.
Your stasis prevents you from being hasted.
PipsiMox's ghost barely misses you.
You slash PipsiMox's ghost!
PipsiMox's ghost is severely damaged.
PipsiMox's ghost hits you!
You die...

#########################
.'.....'......'..........
.#.....#@.....#..........
#.....##W....##>....##.)
#.!... #.....##.....##..
#...................'...
#....!##............#...
#..... #.....#########..
...... #.....# .##..
.(.... .... ......


You could see PipsiMox's ghost.

Vanquished Creatures
  Menkaure (D:4)
  Jessica (D:2)
  3 worker ants (D:4)
  3 gnolls (D:3)
  2 adders
  A howler monkey skeleton (D:4)
  3 worms (D:2)
  2 dart slugs (D:1)
  2 leopard geckos
  5 orcs (D:3)
  2 bats
  2 giant cockroaches
  6 goblins
  7 hobgoblins
  4 jackals (D:1)
  6 kobolds
  2 quokkas
  3 frilled lizards
  10 rats
65 creatures vanquished.

Notes
Turn   | Place    | Note
-------+----------+-------------------------------------------
     0 | D:1      | nightchill the Formicid Fighter began the quest for the Orb.
     0 | D:1      | Reached XP level 1. HP: 18/18 MP: 1/1
    95 | D:1      | Reached XP level 2. HP: 21/24 MP: 2/2
   452 | D:1      | Reached XP level 3. HP: 23/30 MP: 3/3
  1035 | D:2      | Reached XP level 4. HP: 37/37 MP: 4/4
  1238 | D:2      | Noticed Jessica
  1251 | D:2      | Killed Jessica
  1608 | D:3      | Reached XP level 5. HP: 42/42 MP: 5/5
  2409 | D:4      | Noticed Duvessa
  2409 | D:4      | Noticed Dowan
  2409 | D:4      | Noticed Ijyb
  2449 | D:4      | Reached XP level 6. HP: 28/49 MP: 6/6
  2614 | D:4      | Noticed Menkaure
  2624 | D:4      | Killed Menkaure
  2624 | D:4      | Reached skill level 5 in Fighting
  2624 | D:4      | Reached skill level 5 in Axes
  2827 | D:4      | Noticed PipsiMox's ghost (novice DDFi)
  2850 | D:4      | Slain by PipsiMox's ghost

Skill      XL: |  1  2  3  4  5  6 |
---------------+-------------------+-----
Axes           | 3 4 5 |  5.7
Fighting       | 4 5 |  5.2
Armour         | |  3.2
Shields        | |  3.6

Action                   |  1- 3 |  4- 6 || total
-------------------------+-------+-------++-------
Melee: War axe           |    78 |   147 ||   225
 Abil: Dig               |       |     1 ||     1
  Use: Potion            |       |     2 ||     2
  Eat: Chunk             |       |     2 ||     2
       Ration            |       |     1 ||     1
Armor: Scale mail        |    30 |    64 ||    94
Dodge: Dodged            |    18 |    40 ||    58
Block: Shield            |    48 |    77 ||   125
